 Dungeon Crawl Stone Soup version 0.19-a0-1462-g5650605 (webtiles) character file.

9660 MackTheKnife the Cleaver (level 11, -5/93 HPs)
             Began as a Demonspawn Berserker on Sept 7, 2016.
             Was a High Priest of Trog.
             Slain by a boulder beetle (33 damage)
             ... on level 1 of the Orcish Mines.
             The game lasted 00:18:32 (8948 turns).

MackTheKnife the Cleaver (Demonspawn Berserker)     Turns: 8948, Time: 00:18:33

Health: -5/93      AC: 14    Str: 17    XL:     11   Next: 26%
Magic:  9/9        EV:  7    Int:  9    God:    Trog [*****.]
Gold:   817        SH:  0    Dex: 16    Spells: 0 memorised, 10 levels left

rFire  . . .     SeeInvis .     a - +3 war axe (elec)
rCold  + . .     Gourm    .     H - +1 chain mail {rC+}
rNeg   . . .     Faith    .     (no shield)
rPois  +         Spirit   .     (helmet restricted)
rElec  .         Dismiss  .     h - +1 cloak
rCorr  .         Reflect  .     (no gloves)
MR     +....     Harm     .     (no boots)
Stlth  ..........               (no amulet)
                                v - ring of poison resistance {rPois, !d}
                                i - ring of protection from magic {MR+, !d}

@: exhausted, slowed, very slow
A: hooves 1, horns 1, icy blue scales 2, low mp 1, powered by pain 2, rot
immunity
a: Berserk, Trog's Hand, Brothers in Arms, Burn Spellbooks, Renounce Religion


You were on level 1 of the Orcish Mines.
You worshipped Trog.
Trog was extremely pleased with you.
You were very hungry.

You visited 2 branches of the dungeon, and saw 11 of its levels.
You also visited: Ossuary.

You collected 961 gold pieces.
You spent 144 gold pieces at shops.

Inventory:

Hand Weapons
 a - a +3 war axe of electrocution (weapon)
   (You took it off an orc on level 3 of the Dungeon)
 O - a +0 battleaxe of draining
   (You took it off an orc warrior on level 10 of the Dungeon)
Missiles
 P - 2 throwing nets {=f, !d}
Armour
 h - a +1 cloak (worn)
   (You found it on level 1 of the Dungeon)
 H - a +1 chain mail of cold resistance (worn)
   (You took it off an orc on level 8 of the Dungeon)
Jewellery
 i - a ring of protection from magic (left hand) {MR+, !d}
   (You found it on level 1 of the Dungeon)
 v - a ring of poison resistance (right hand) {rPois, !d}
   (You found it on level 10 of the Dungeon)
 J - a +3 ring of dexterity
   (You found it on level 6 of the Dungeon)
Wands
 b - a wand of paralysis (10/24)
   (You bought it in a shop on level 5 of the Dungeon)
 e - a wand of heal wounds (1/9)
   (You took it off an orc priest on level 9 of the Dungeon)
 n - a wand of lightning (5/15)
   (You found it on level 3 of the Dungeon)
 q - a wand of teleportation (9/9)
   (You took it off Blork the orc on level 5 of the Dungeon)
 A - a wand of polymorph (12/24)
   (You took it off Crazy Yiuf on level 5 of the Dungeon)
 F - a wand of digging (9/24)
   (You found it on level 6 of the Dungeon)
 N - a wand of iceblast (6/15)
   (You found it on level 10 of the Dungeon)
Scrolls
 f - 2 scrolls of enchant armour
 j - 4 scrolls of remove curse
 w - 3 scrolls of enchant weapon
 x - 2 scrolls of fear
 y - 3 scrolls of teleportation
 G - 4 scrolls of magic mapping {!r}
 I - 2 scrolls of identify
 M - a scroll of acquirement {unknown}
Potions
 g - 2 potions of cure mutation {!q}
 m - 5 potions of heal wounds
 p - a potion of magic {unknown}
 r - 4 potions of lignification {!q}
 s - 2 potions of brilliance
 t - 2 potions of curing
 z - 2 potions of berserk rage {!q}
 B - a potion of haste {unknown}
 C - 2 potions of resistance
 D - 2 potions of ambrosia {unknown}
 E - a potion of cancellation {unknown}
 K - 2 potions of flight
Miscellaneous
 L - a fan of gales
   (You found it on level 9 of the Dungeon)
Comestibles
 c - 6 bread rations {@e1}
 d - 7 meat rations {@e2}
 k - 2 beef jerkies
 l - a royal jelly
 o - 5 fruits
 u - 11 slices of pizza
 Q - 2 chunks of flesh {@w0}


   Skills:
 + Level 11.0 Fighting
 + Level 12.9 Axes
 - Level 1.7 Armour
 - Level 1.7 Dodging


You had 10 spell levels left.
You didn't know any spells.

Dungeon Overview and Level Annotations

Branches:
Dungeon (10/15)            Temple (0/1) D:7             Orc (1/2) D:10
   Lair: D:8-11

Altars:
Dithmenos
Elyvilon
Fedhas
Gozag
Kikubaaqudgha
Makhleb
Nemelex Xobeh
Okawaru
Sif Muna
Vehumet
Xom
The Shining One

Shops:
D:5 }   D:9 :   D:10 [


Innate Abilities, Weirdness & Mutations

You have a pair of small horns on your head.
You are mostly covered in icy blue scales. (AC +3)
You sometimes gain power by taking damage.
You are immune to rotting.
You have large cloven feet.
Your magical capacity is low. (-10% MP)


Message History

You feel a strong urge to attack something.
An orc and an orc wizard come into view.
The orc shouts!
The orc shoots a stone.
The stone hits you.
You see here a stone.
The orc unwields an uncursed hunting sling.
The orc barely misses you.
The boulder beetle curls into a ball and starts rolling!
The boulder beetle smashes into the orc!
The orc dies!
An orc comes into view. It is wielding a flail.
You take 1 damage, and have 136/139 hp.
You feel your anger subside.
Unknown command.
You hit the boulder beetle but do no damage.
There is a sudden explosion of sparks!
You headbutt the boulder beetle. You slash the orc!
There is a sudden explosion of sparks!
You kill the orc!
Trog accepts your kill.
The orc throws a tomahawk.
The tomahawk hits you but does no damage.
The orc wields an uncursed hunting sling.
The orc shoots a stone.
The stone hits you but does no damage.
You hit the boulder beetle but do no damage.
You kick the boulder beetle, but do no damage.
You headbutt the boulder beetle, but do no damage.
The orc shoots a stone.
The stone hits you but does no damage.
You see here a stone.
You feel a strong urge to attack something.
You are no longer berserk.
You are exhausted.
You feel yourself slow down.
You are feeling very hungry.
The orc throws a tomahawk.
The tomahawk hits you but does no damage.
You see here a tomahawk.
You now have 92/93 hp.
You hit the boulder beetle but do no damage.
The orc shoots a stone.
The stone barely misses you.
The boulder beetle hits a rock wall.
The boulder beetle stops rolling.
The orc throws a tomahawk.
The tomahawk barely misses you.
The orc shoots a stone.
The stone hits you but does no damage.
You hit the boulder beetle but do no damage.
You hit the orc wizard. The boulder beetle bites you!
The orc wizard hits you but does no damage.
An orc priest comes into view. It is wielding a falchion.
You take 16 damage, and have 76/93 hp.
The orc priest shouts!
You hit the boulder beetle.
You kick the boulder beetle, but do no damage.
You headbutt the boulder beetle, but do no damage.
You completely miss the orc wizard. You hit the orc.
The orc wizard hits you but does no damage.
The orc unwields an uncursed hunting sling.
The orc hits you.
The boulder beetle bites you but does no damage.
You take 3 damage, and have 73/93 hp.
You slash the orc!
You kill the orc!
Trog accepts your kill.
You completely miss the orc wizard. You slash the orc!
There is a sudden explosion of sparks!
You kill the orc!
Trog accepts your kill.
You hit the boulder beetle but do no damage.
There is a sudden explosion of sparks!
The orc wizard hits you but does no damage.
The boulder beetle bites you.
You take 6 damage, and have 67/93 hp.
You hit the boulder beetle. You slash the orc wizard! You hit the orc.
The orc wizard casts a spell.
The orc wizard flickers and vanishes!
Deactivating autopickup; reactivate with Ctrl-A.
The orc barely misses you. Something hits you but does no damage.
Your chain mail prevents you from hitting the boulder beetle.
You kick the boulder beetle, but do no damage.
You headbutt the boulder beetle. You hit something. Trog accepts your kill.
Trog appreciates your killing of a magic user.
Reactivating autopickup.
You feel a bit more experienced.
You hit the orc.
There is a sudden explosion of sparks!
You kill the orc!
Trog accepts your kill.
The orc priest calls down the wrath of Beogh upon you.
Pain shoots through your body! The boulder beetle bites you!
The orc priest looks braver for a moment.
You take 26 damage, and have 42/93 hp.
MASSIVE DAMAGE!!
You are too injured to fight recklessly!
You are too injured to fight recklessly!
Unknown command.
You hit the boulder beetle. Your kick misses the boulder beetle.
The boulder beetle bites you!
* * * LOW HITPOINT WARNING * * *
You take 15 damage, and have 27/93 hp.
You hit the boulder beetle but do no damage.
You kick the boulder beetle, but do no damage.
The boulder beetle bites you!!
You die...

..o.......
#...#(#(..
##.#(.((.# .
....(((# ..
.#...(#...
##.).#.....
#.()..#....
##)o).......
#..@(####..#
##(B.(.##
#####....##
##.###....>##
#...#..(....##
##...........#
###..........##
#.......#.....###
#.........#....##.##


You could see a boulder beetle and an orc priest.

Vanquished Creatures
  An unseen horror (D:10)
  A hill giant (D:10)
  2 trolls
  A two-headed ogre (D:9)
  Sigmund (D:5)
  3 hogs (D:8)
  3 wyverns (D:10)
  12 yaks
  A hungry ghost (D:9)
  A human (D:8)
  2 hippogriffs (D:10)
  A steam dragon (D:9)
  9 orc warriors
  3 ice beasts
  2 sky beasts (D:10)
  A black bear (D:7)
  A phantom (D:9)
  A necrophage (D:10)
  3 centaurs
  7 ogres
  A crocodile (D:9)
  Blork the orc (D:5)
  3 giant frogs
  3 killer bees (D:10)
  4 wights (D:8)
  3 crimson imps
  A centaur skeleton (D:6)
  8 hounds
  A jelly (D:9)
  5 orc priests
  2 quasits
  Crazy Yiuf (D:5)
  A hell rat (D:5)
  9 orc wizards
  4 iguanas
  7 worker ants
  A big kobold zombie (Ossuary)
  A hound zombie (D:10)
  A hound skeleton (D:9)
  9 mummies
  2 worker ant zombies
  12 adders
  9 river rats (D:5)
  A shadow imp (D:10)
  2 oozes
  An adder skeleton (D:6)
  4 worms
  A dart slug (D:1)
  4 giant geckos
  42 orcs
  2 ball pythons
  7 bats
  2 bat zombies (D:8)
  3 giant cockroaches
  4 goblins
  6 hobgoblins
  3 jackals (D:5)
  8 quokkas
  2 giant newts
  3 hobgoblin zombies (Ossuary)
  6 kobolds
  A kobold zombie (Ossuary)
  3 orc zombies (Ossuary)
  A quokka skeleton (D:5)
  A quokka zombie (D:6)
  28 rats
  A rat zombie (D:8)
281 creatures vanquished.

Vanquished Creatures (others)
  An orc (Orc:1)
1 creature vanquished.

Grand Total: 282 creatures vanquished

Notes
Turn   | Place    | Note
-------+----------+-------------------------------------------
     0 | D:1      | MackTheKnife the Demonspawn Berserker began the quest for the Orb.
     0 | D:1      | Reached XP level 1. HP: 18/18 MP: 1/1
    53 | D:1      | Reached skill level 3 in Axes
    83 | D:1      | Gained mutation: You have a pair of small horns on your head. [demonic ancestry]
    83 | D:1      | Reached XP level 2. HP: 21/24 MP: 2/2
   567 | D:2      | Reached XP level 3. HP: 27/29 MP: 3/3
   649 | D:2      | Reached skill level 4 in Axes
   897 | D:2      | Reached ** piety under Trog
  1055 | D:2      | Found an opulent altar of Gozag.
  1263 | D:2      | Found a blossoming altar of Fedhas.
  1285 | D:2      | Reached XP level 4. HP: 22/35 MP: 4/4
  1823 | D:3      | Reached skill level 5 in Axes
  1944 | D:4      | Found a shimmering altar of Xom.
  1946 | D:4      | Noticed an ogre
  1953 | D:4      | Killed an ogre
  1953 | D:4      | Reached XP level 5. HP: 17/41 MP: 5/5
  2208 | D:4      | Found a white marble altar of Elyvilon.
  2255 | D:4      | Found a shadowy altar of Dithmenos.
  2262 | D:4      | Found an iron altar of Okawaru.
  2402 | D:4      | Reached skill level 6 in Axes
  2712 | D:4      | Found a burning altar of Makhleb.
  2847 | D:5      | Entered Level 5 of the Dungeon
  2862 | D:5      | Reached XP level 6. HP: 47/47 MP: 6/6
  2882 | D:5      | Found a sand-covered staircase.
  2930 | Ossuary  | Entered an ossuary
  2943 | Ossuary  | Reached *** piety under Trog
  2962 | Ossuary  | Reached skill level 7 in Axes
  3031 | Ossuary  | Gained mutation: You are partially covered in icy blue scales. (AC +2) [demonic ancestry]
  3031 | Ossuary  | Reached XP level 7. HP: 52/52 MP: 7/7
  3228 | D:5      | Noticed Sigmund
  3237 | D:5      | Killed Sigmund
  3237 | D:5      | Reached skill level 8 in Axes
  3437 | D:5      | Found Vuuduh's Gadget Shop.
  3440 | D:5      | Bought a wand of paralysis (10/24) for 144 gold pieces
  3445 | D:5      | Noticed Blork the orc
  3458 | D:5      | Killed Blork the orc
  3522 | D:5      | Found a deep blue altar of Sif Muna.
  3719 | D:5      | Reached **** piety under Trog
  3749 | D:5      | Reached skill level 9 in Axes
  3749 | D:5      | Gained mutation: You sometimes gain a little power by taking damage. [demonic ancestry]
  3749 | D:5      | Reached XP level 8. HP: 58/58 MP: 8/8
  3944 | D:5      | Found a runed door.
  3948 | D:5      | Noticed Crazy Yiuf
  3952 | D:5      | Killed Crazy Yiuf
  4105 | D:6      | Reached skill level 4 in Fighting
  4684 | D:7      | Reached skill level 5 in Fighting
  4849 | D:7      | Reached skill level 10 in Axes
  4890 | D:7      | Gained mutation: You are immune to rotting. [demonic ancestry]
  4890 | D:7      | Reached XP level 9. HP: 38/69 MP: 9/9
  5080 | D:7      | Found a staircase to the Ecumenical Temple.
  5172 | D:7      | Reached skill level 6 in Fighting
  5173 | D:7      | Found a sparkling altar of Nemelex Xobeh.
  5303 | D:8      | Reached ***** piety under Trog
  5422 | D:8      | HP: 26/106 [hog (6)]
  5424 | D:8      | Reached skill level 7 in Fighting
  5426 | D:8      | Received a gift from Trog
  5427 | D:8      | HP: 25/108 [yak (3)]
  5430 | D:8      | Reached skill level 11 in Axes
  5842 | D:8      | Reached skill level 8 in Fighting
  6221 | D:8      | Noticed a troll
  6230 | D:8      | Killed a troll
  6311 | D:8      | Found an ancient bone altar of Kikubaaqudgha.
  6349 | D:8      | Gained mutation: You have large cloven feet. [potion of mutation]
  6349 | D:8      | Gained mutation: Your magical capacity is low. (-10% MP) [potion of mutation]
  6395 | D:8      | Gained mutation: You sometimes gain power by taking damage. [demonic ancestry]
  6395 | D:8      | Reached XP level 10. HP: 68/82 MP: 9/9
  6672 | D:8      | Found an iron altar of Okawaru.
  7187 | D:9      | Reached skill level 9 in Fighting
  7344 | D:9      | Found a glowing golden altar of the Shining One.
  7344 | D:9      | Found a radiant altar of Vehumet.
  7429 | D:9      | Found Sead Woil's Book Shoppe.
  7618 | D:10     | Entered Level 10 of the Dungeon
  7914 | D:10     | Reached skill level 12 in Axes
  7920 | D:10     | Reached skill level 10 in Fighting
  8447 | D:10     | Killed an unseen horror
  8447 | D:10     | Gained mutation: You are mostly covered in icy blue scales. (AC +3) [demonic ancestry]
  8447 | D:10     | Reached XP level 11. HP: 79/92 MP: 9/9
  8477 | D:10     | Found Xicepueq's Armour Shop.
  8498 | D:10     | Found a staircase to the Orcish Mines.
  8684 | D:10     | Received a gift from Trog
  8743 | D:10     | Noticed a hill giant
  8749 | D:10     | Killed a hill giant
  8749 | D:10     | Reached skill level 11 in Fighting
  8899 | Orc:1    | Entered Level 1 of the Orcish Mines
  8948 | Orc:1    | Slain by a boulder beetle

Vault maps used:
D:1:      ncdulo_halloftheorcs
D:2:      old_standard_altar, old_standard_altar
D:3:      trog_butcher_becter
D:4:      amethyst_overflow_temple_binary, nicolae_overflow_crystal_walls,
          lemuel_coloured_pillars_altar, elyvilon_altar_4
D:5:      lemuel_ratsnest, lemuel_doored_altar, first_bread, serial_shops,
          nicolae_shop_behind_doors, gup_ossuary_entry_pyramid,
          uniq_crazy_yiuf_cottage, uniq_blork_the_orc, uniq_sigmund
D:6:      kennysheep_generic_room_8
D:7:      nemelex_dance_club_becter
D:8:      lemuel_zombie_altar_kikubaaqudgha, grunt_livestock,
          kennysheep_okawaru_gauntlet
D:9:      gammafunk_temple_overflow_wave, serial_shops, nicolae_shop_trees
D:10:     orc_david_3
Orc:1:    serial_shops, nicolae_shop_trees, rock_pile, uniq_nergalle
Ossuary:  ossuary_tomb_3

Skill      XL: |  1  2  3  4  5  6  7  8  9 10 11 |
---------------+----------------------------------+-----
Axes           | 3 4 5 6 7 9 10 11 12 | 12.9
Fighting       | 5 8 10 11 | 11.0
Armour         | |  1.7
Dodging        | |  1.7

Action                   |  1- 3 |  4- 6 |  7- 9 | 10-12 || total
-------------------------+-------+-------+-------+-------++-------
Melee: Hand axe          |    96 |     8 |       |       ||   104
       Headbutt          |    12 |    15 |    40 |    42 ||   109
       War axe           |       |    97 |   283 |   195 ||   575
       Unarmed           |       |       |     2 |       ||     2
       Kick              |       |       |       |    63 ||    63
Invok: Berserk           |     1 |     1 |     5 |     7 ||    14
       Trog's Hand       |       |     3 |     3 |     1 ||     7
  Use: Scroll            |       |     7 |    16 |       ||    23
       Potion            |       |       |     4 |       ||     4
 Stab: Sleeping          |     4 |     1 |       |       ||     5
       Invisible         |       |       |     1 |       ||     1
       Confused          |       |       |     1 |       ||     1
  Eat: Chunk             |     2 |     7 |    17 |    11 ||    37
       Beef jerky        |       |       |     1 |     1 ||     2
       Meat ration       |       |       |       |     1 ||     1
Armor: Animal skin       |    29 |       |       |       ||    29
       Scale mail        |       |    32 |     4 |       ||    36
       Ring mail         |       |       |    19 |       ||    19
       Plate armour      |       |       |    93 |       ||    93
       Chain mail        |       |       |    11 |   105 ||   116
Dodge: Dodged            |    63 |    53 |    94 |    52 ||   262

Vault maps used:
D:1:      ncdulo_halloftheorcs
D:2:      old_standard_altar, old_standard_altar
D:3:      trog_butcher_becter
D:4:      amethyst_overflow_temple_binary, nicolae_overflow_crystal_walls,
          lemuel_coloured_pillars_altar, elyvilon_altar_4
D:5:      lemuel_ratsnest, lemuel_doored_altar, first_bread, serial_shops,
          nicolae_shop_behind_doors, gup_ossuary_entry_pyramid,
          uniq_crazy_yiuf_cottage, uniq_blork_the_orc, uniq_sigmund
D:6:      kennysheep_generic_room_8
D:7:      nemelex_dance_club_becter
D:8:      lemuel_zombie_altar_kikubaaqudgha, grunt_livestock,
          kennysheep_okawaru_gauntlet
D:9:      gammafunk_temple_overflow_wave, serial_shops, nicolae_shop_trees
D:10:     orc_david_3
Orc:1:    serial_shops, nicolae_shop_trees, rock_pile, uniq_nergalle
Ossuary:  ossuary_tomb_3

Table legend:
 A = Turns spent in this place as a percentage of turns spent in the entire game.
 B = Non-inter-level travel turns spent in this place as a percentage of non-inter-level travel turns spent in the entire game.
 C = Inter-level travel turns spent in this place as a percentage of turns spent in this place.
 D = Turns resting spent in this place as a percentage of non-inter-level travel turns spent in this place.
 E = Turns spent auto-exploring this place as a percentage of non-inter-level travel turns spent in this place.
 F = Non-inter-level travel turns spent in this place divided by the number of levels of this place that you've seen.
                   A       B       C       D       E      F
               +-------+-------+-------+-------+-------+----------------------
         Total | 100.0 | 100.0 |   0.5 |   4.5 |  12.0 | 206.8
       Dungeon |  91.3 |  91.3 |   0.5 |   4.9 |  12.6 | 226.5
  Orcish Mines |   1.2 |   1.2 |   0.0 |   0.0 |   6.9 |  29.0
       Ossuary |   7.5 |   7.6 |   0.0 |   1.1 |   6.4 | 188.0
               +-------+-------+-------+-------+-------+----------------------

Table legend:
 A = Kills in this place as a percentage of kills in entire the game.
 B = Kills by you in this place as a percentage of kills by you in the entire game.
 C = Kills by friends in this place as a percentage of kills by friends in the entire game.
 D = Other kills in this place as a percentage of other kills in the entire game.
 E = Experience gained in this place as a percentage of experience gained in the entire game.
 F = Experience gained in this place divided by the number of levels of this place that you have seen.
                   A       B       C       D       E      F
               +-------+-------+-------+-------+-------+----------------------
         Total | 100.0 | 100.0 |  -nan |  -nan | 100.0 | 1150.1
       Dungeon |  92.5 |  92.5 |  -nan |  -nan |  98.4 | 1357.7
  Orcish Mines |   1.8 |   1.8 |  -nan |  -nan |   0.3 |  48.0
       Ossuary |   5.7 |   5.7 |  -nan |  -nan |   1.3 | 176.0
               +-------+-------+-------+-------+-------+----------------------
